| TOP OF THE 1ST |
|
Salem-Keizer Volcanoes batting - Pitching for Batavia Muckdogs : RHP Gabe Behrend
|
|
Pitching: RHP Gabe Behrend
|
|
|
Batting: RHB Pedro Quezada
|
0-0: Foul Ball, location: 2F 0-1: Ball 1-1: SINGLE (Line Drive, 3D, EV 95.6 MPH)
|
|
Batting: RHB Bill Defazio
|
0-0: Called Strike 0-1: Ball 1-1: Called Strike 1-2: Ground out 4-3 (Groundball, 4, EV 84.4 MPH) Pedro Quezada to second
|
|
Batting: RHB Justin Baldwin
|
0-0: Ball Passed Ball! Pedro Quezada to third 1-0: Ball 2-0: Called Strike 2-1: SINGLE (Groundball, 5D, EV 95.0 MPH) Pedro Quezada scores
|
|
Batting: RHB Davey Beeson
|
0-0: Called Strike 0-1: Called Strike 0-2: Ball 1-2: Ball 2-2: Ball 3-2: Base on Balls Justin Baldwin to second
|
|
Batting: LHB Ryan Anderson
|
0-0: Ball 1-0: Grounds into double play, 6-4-3 (Groundball, 6, EV 106.9 MPH)
|
| Top of the 1st over - 1 run, 2 hits, 0 errors, 1 left on base; Salem-Keizer 1 - Batavia 0 |
| BOTTOM OF THE 1ST |
|
Batavia Muckdogs batting - Pitching for Salem-Keizer Volcanoes : RHP Dan Post
|
|
Pitching: RHP Dan Post
|
|
|
Batting: RHB Calvin Morin
|
0-0: Called Strike 0-1: Ball 1-1: Ball 2-1: Foul Ball, location: 2F 2-2: Ball 3-2: Strikes out swinging
|
|
Batting: LHB David Doge
|
0-0: Called Strike 0-1: SINGLE (Groundball, 6M, EV 104.4 MPH)
|
|
Batting: RHB Len Graham
|
0-0: Called Strike David Doge steals 2nd base 0-1: Ball David Doge steals 3rd base 1-1: Ball 2-1: DOUBLE (Groundball, 5L, EV 96.9 MPH) David Doge scores
|
|
Batting: LHB Ryan Thompson
|
0-0: Ground out 5-3 (Groundball, 5, EV 80.0 MPH)
|
|
Batting: LHB Justin Blakely
|
0-0: DOUBLE (Flyball, 78D, EV 105.0 MPH) Len Graham scores
|
|
Batting: RHB Larry LeFever
|
0-0: Reached on error, E6 (Groundball, 6, EV 91.3 MPH) Justin Blakely to third
|
|
Batting: RHB Hiromitsu Yamada
|
0-0: Ball 1-0: Ball 2-0: Swinging Strike 2-1: Ball 3-1: Foul Ball, location: 2F 3-2: Strikes out looking
|
| Bottom of the 1st over - 2 runs, 3 hits, 1 error, 2 left on base; Salem-Keizer 1 - Batavia 2 |
| TOP OF THE 2ND |
|
Salem-Keizer Volcanoes batting - Pitching for Batavia Muckdogs : RHP Gabe Behrend
|
|
Batting: LHB Gil Caraveo
|
0-0: Called Strike 0-1: Foul Ball, location: 2F 0-2: Ball 1-2: Fly out, F9 (Line Drive, 9, EV 91.9 MPH)
|
|
Batting: RHB Justin Layton
|
0-0: Called Strike 0-1: Swinging Strike 0-2: Ball 1-2: Strikes out looking
|
|
Batting: RHB Dinand Brouwer
|
0-0: Fly out, F9 (Line Drive, 9D, EV 95.0 MPH)
|
| Top of the 2nd over - 0 runs, 0 hits, 0 errors, 0 left on base; Salem-Keizer 1 - Batavia 2 |
| BOTTOM OF THE 2ND |
|
Batavia Muckdogs batting - Pitching for Salem-Keizer Volcanoes : RHP Dan Post
|
|
Batting: RHB Jeremy Dennis
|
0-0: Called Strike 0-1: Ball 1-1: Called Strike 1-2: Strikes out swinging
|
|
Batting: RHB Jose Trevino
|
0-0: Called Strike 0-1: Ball 1-1: Ground out 3-1 (Groundball, 34, EV 103.8 MPH)
|
|
Batting: RHB Calvin Morin
|
0-0: Ground out 6-3 (Groundball, 6, EV 85.6 MPH)
|
| Bottom of the 2nd over - 0 runs, 0 hits, 0 errors, 0 left on base; Salem-Keizer 1 - Batavia 2 |
| TOP OF THE 3RD |
|
Salem-Keizer Volcanoes batting - Pitching for Batavia Muckdogs : RHP Gabe Behrend
|
|
Batting: RHB Ryan Johnston
|
0-0: Called Strike 0-1: Ball 1-1: Ground out 5-3 (Groundball, 56S, EV 84.4 MPH)
|
|
Batting: RHB Pedro Quezada
|
0-0: Ground out 6-3 (Groundball, 6S, EV 89.4 MPH)
|
|
Batting: RHB Bill Defazio
|
0-0: Ball 1-0: Swinging Strike 1-1: Ball 2-1: Ball 3-1: Called Strike 3-2: Reached on error, E3 (Groundball, 34S, EV 81.3 MPH)
|
|
Batting: RHB Justin Baldwin
|
0-0: Ball Bill Defazio steals 2nd base 1-0: Ball 2-0: Called Strike 2-1: Foul Ball, location: 2F 2-2: Ground out 5-3 (Groundball, 56S, EV 70.6 MPH)
|
| Top of the 3rd over - 0 runs, 0 hits, 1 error, 1 left on base; Salem-Keizer 1 - Batavia 2 |
| BOTTOM OF THE 3RD |
|
Batavia Muckdogs batting - Pitching for Salem-Keizer Volcanoes : RHP Dan Post
|
|
Batting: LHB David Doge
|
0-0: Called Strike 0-1: Ball 1-1: Ball 2-1: Foul Ball, location: 2F 2-2: Strikes out swinging, 2-3 out at first.
|
|
Batting: RHB Len Graham
|
0-0: Ball 1-0: Fly out, F4 (Popup, 34S, EV 89.4 MPH)
|
|
Batting: LHB Ryan Thompson
|
0-0: Foul Ball, location: 2F 0-1: Foul Ball, location: 2F 0-2: Strikes out swinging
|
| Bottom of the 3rd over - 0 runs, 0 hits, 0 errors, 0 left on base; Salem-Keizer 1 - Batavia 2 |
| TOP OF THE 4TH |
|
Salem-Keizer Volcanoes batting - Pitching for Batavia Muckdogs : RHP Gabe Behrend
|
|
Batting: RHB Davey Beeson
|
0-0: DOUBLE (Flyball, 8RXD, EV 108.1 MPH)
|
|
Batting: LHB Ryan Anderson
|
0-0: Foul Ball, location: 2F 0-1: Called Strike 0-2: Foul Ball, location: 2F 0-2: SINGLE (Groundball, 34D, EV 103.1 MPH) Davey Beeson to third Runner from 3rd tries for Home, SAFE, throw by RF to home
|
|
Batting: LHB Gil Caraveo
|
0-0: Fly out, F4 (Popup, 4M, EV 60.0 MPH)
|
|
Batting: RHB Justin Layton
|
0-0: Foul Ball, location: 2F 0-1: Foul Ball, location: 2F 0-2: Ball 1-2: SINGLE (Groundball, 34D, EV 96.3 MPH) Ryan Anderson to second Runner from 2nd tries for 3rd, SAFE, throw by RF made to third
|
|
Batting: RHB Dinand Brouwer
|
0-0: Called Strike Justin Layton steals 2nd base 0-1: Called Strike 0-2: Hit by Pitch
|
|
Batting: RHB Ryan Johnston
|
0-0: Swinging Strike 0-1: Ball 1-1: Fielders Choice at 2nd, 5-4 (Groundball, 5, EV 84.4 MPH) Ryan Anderson scores Justin Layton to third
|
|
Batting: RHB Pedro Quezada
|
0-0: Fly out, F6 (Line Drive, 6, EV 66.3 MPH)
|
| Top of the 4th over - 2 runs, 3 hits, 0 errors, 2 left on base; Salem-Keizer 3 - Batavia 2 |
| BOTTOM OF THE 4TH |
|
Batavia Muckdogs batting - Pitching for Salem-Keizer Volcanoes : RHP Dan Post
|
|
Batting: LHB Justin Blakely
|
0-0: SINGLE (Line Drive, 89M, EV 100.6 MPH)
|
|
Batting: RHB Larry LeFever
|
0-0: Ball 1-0: Ball 2-0: Ball 3-0: Base on Balls Justin Blakely to second
|
|
Batting: RHB Hiromitsu Yamada
|
0-0: Called Strike 0-1: Foul Ball, location: 2F 0-2: Ball 1-2: Ball 2-2: Ball 3-2: Foul Ball, location: 2F 3-2: Foul Ball, location: 2F 3-2: Base on Balls Justin Blakely to third Larry LeFever to second
|
|
Batting: RHB Jeremy Dennis
|
0-0: Called Strike 0-1: Foul Ball, location: 2F 0-2: Strikes out swinging
|
|
Batting: RHB Jose Trevino
|
0-0: Ball 1-0: Ball 2-0: Foul Ball, location: 2F 2-1: GRAND SLAM HOME RUN (Flyball, 7D, EV 93.1 MPH), Distance : 360 ft
|
|
Pitching: RHP Chase Joy
|
|
|
Batting: RHB Calvin Morin
|
0-0: Foul Ball, location: 2F 0-1: Ball 1-1: Swinging Strike 1-2: Ball 2-2: Ball 3-2: SINGLE (Line Drive, 7S, EV 88.1 MPH)
|
|
Batting: LHB David Doge
|
0-0: Called Strike Calvin Morin steals 2nd base 0-1: Swinging Strike 0-2: Ball 1-2: Ball 2-2: Strikes out swinging
|
|
Batting: RHB Len Graham
|
0-0: Ball 1-0: Called Strike 1-1: Ball 2-1: Swinging Strike 2-2: Strikes out looking
|
| Bottom of the 4th over - 4 runs, 3 hits, 0 errors, 1 left on base; Salem-Keizer 3 - Batavia 6 |
| TOP OF THE 5TH |
|
Salem-Keizer Volcanoes batting - Pitching for Batavia Muckdogs : RHP Gabe Behrend
|
|
Batting: RHB Bill Defazio
|
0-0: Foul Ball, location: 2F 0-1: Ball 1-1: Swinging Strike 1-2: SINGLE (Groundball, 4MD, EV 95.6 MPH)
|
|
Pitching: RHP Ryan Babbitt
|
|
|
Batting: RHB Justin Baldwin
|
0-0: Ball Bill Defazio is caught stealing 2nd base 2-4 1-0: Ball 2-0: Ball 3-0: Foul Ball, location: 2F 3-1: Base on Balls
|
|
Batting: RHB Davey Beeson
|
0-0: Ball 1-0: Swinging Strike 1-1: Fielders Choice at 2nd, 4-6 (Groundball, 34, EV 107.5 MPH)
|
|
Batting: LHB Ryan Anderson
|
0-0: Foul Ball, location: 2F 0-1: Ball 1-1: Called Strike 1-2: Foul Ball, location: 2F 1-2: Ball 2-2: Ball 3-2: 2-RUN HOME RUN (Line Drive, 89XD, EV 99.4 MPH), Distance : 400 ft
|
|
Batting: LHB Gil Caraveo
|
0-0: Ball 1-0: SINGLE (Groundball, 34S, EV 70.6 MPH) (infield hit)
|
|
Batting: RHB Justin Layton
|
0-0: Called Strike 0-1: Ball 1-1: Ball 2-1: Ball 3-1: Base on Balls Gil Caraveo to second
|
|
Batting: RHB Dinand Brouwer
|
0-0: Ball 1-0: SINGLE (Groundball, 56D, EV 94.4 MPH) Gil Caraveo to third Justin Layton to second Runner from 3rd tries for Home, throw by LF and OUT! 7-2
|
| Top of the 5th over - 2 runs, 4 hits, 0 errors, 2 left on base; Salem-Keizer 5 - Batavia 6 |
| BOTTOM OF THE 5TH |
|
Batavia Muckdogs batting - Pitching for Salem-Keizer Volcanoes : RHP Chase Joy
|
|
Batting: LHB Ryan Thompson
|
0-0: Ground out U3 (Groundball, 3, EV 99.4 MPH)
|
|
Batting: LHB Justin Blakely
|
0-0: Ball 1-0: Foul Ball, location: 2F 1-1: Ball 2-1: Fly out, F6 (Flyball, 56D, EV 81.9 MPH)
|
|
Batting: RHB Larry LeFever
|
0-0: Ball 1-0: Fly out, F9 (Flyball, 89D, EV 76.9 MPH)
|
| Bottom of the 5th over - 0 runs, 0 hits, 0 errors, 0 left on base; Salem-Keizer 5 - Batavia 6 |
| TOP OF THE 6TH |
|
Salem-Keizer Volcanoes batting - Pitching for Batavia Muckdogs : RHP Ryan Babbitt
|
|
Pitching: LHP Kunji Fukasawa
|
|
|
Batting: RHB Ryan Johnston
|
0-0: Foul Ball, location: 2F 0-1: Called Strike 0-2: Strikes out swinging
|
|
Batting: RHB Pedro Quezada
|
0-0: Ball 1-0: Ball 2-0: Called Strike 2-1: Fly out, F7 (Flyball, 7S, EV 90.0 MPH)
|
|
Batting: RHB Bill Defazio
|
0-0: Ball 1-0: Swinging Strike 1-1: Ball 2-1: Swinging Strike 2-2: Strikes out swinging
|
| Top of the 6th over - 0 runs, 0 hits, 0 errors, 0 left on base; Salem-Keizer 5 - Batavia 6 |
| BOTTOM OF THE 6TH |
|
Batavia Muckdogs batting - Pitching for Salem-Keizer Volcanoes : RHP Chase Joy
|
|
Batting: RHB Hiromitsu Yamada
|
0-0: Foul Ball, location: 2F 0-1: Ball 1-1: Ball 2-1: Foul Ball, location: 2F 2-2: Foul Ball, location: 2F 2-2: Foul Ball, location: 2F 2-2: Ball 3-2: Base on Balls
|
|
Batting: RHB Jeremy Dennis
|
0-0: Ball 1-0: Ball 2-0: Foul Ball, location: 2F 2-1: Called Strike 2-2: Foul Ball, location: 2F 2-2: Ball 3-2: Base on Balls Hiromitsu Yamada to second
|
|
Pitching: LHP Ian Martin
|
|
|
Batting: RHB Jose Trevino
|
0-0: Ball 1-0: Fly out, F8 (Flyball, 8LM, EV 91.9 MPH)
|
|
Batting: RHB Calvin Morin
|
0-0: Ball 1-0: Fly out, F3 (Flyball, 3D, EV 89.4 MPH)
|
|
Batting: LHB David Doge
|
0-0: Called Strike 0-1: Ball 1-1: SINGLE (Line Drive, 8RS, EV 87.5 MPH) Hiromitsu Yamada to third Jeremy Dennis to second
|
|
Batting: RHB Len Graham
|
0-0: Ball 1-0: Ball 2-0: Foul Ball, location: 2F 2-1: Foul Ball, location: 2F 2-2: Fly out, F7 (Flyball, 78M, EV 89.4 MPH)
|
| Bottom of the 6th over - 0 runs, 1 hit, 0 errors, 3 left on base; Salem-Keizer 5 - Batavia 6 |
| TOP OF THE 7TH |
|
Salem-Keizer Volcanoes batting - Pitching for Batavia Muckdogs : LHP Kunji Fukasawa
|
|
Pitching: RHP Scott Feltham
|
|
|
Batting: RHB Justin Baldwin
|
0-0: Ball 1-0: Swinging Strike 1-1: DOUBLE (Line Drive, 89M, EV 87.5 MPH) - OUT at third base trying to stretch hit.
|
|
Batting: RHB Davey Beeson
|
0-0: Called Strike 0-1: Ball 1-1: SINGLE (Flyball, 56D, EV 88.1 MPH)
|
|
Batting: LHB Ryan Anderson
|
0-0: Ball 1-0: Fielders Choice at 2nd, 5-4 (Groundball, 5, EV 86.3 MPH)
|
|
Batting: LHB Gil Caraveo
|
0-0: Called Strike 0-1: Foul Ball, location: 2F 0-2: Strikes out swinging
|
| Top of the 7th over - 0 runs, 2 hits, 0 errors, 1 left on base; Salem-Keizer 5 - Batavia 6 |
| BOTTOM OF THE 7TH |
|
Batavia Muckdogs batting - Pitching for Salem-Keizer Volcanoes : LHP Ian Martin
|
|
Batting: LHB Ryan Thompson
|
0-0: Ball 1-0: Foul Ball, location: 2F 1-1: SINGLE (Groundball, 25, EV 64.4 MPH) (infield hit)
|
|
Batting: LHB Justin Blakely
|
0-0: Called Strike 0-1: Called Strike 0-2: Ball 1-2: Strikes out swinging
|
|
Batting: RHB Larry LeFever
|
0-0: Fly out, F4 (Popup, 13S, EV 90.6 MPH)
|
|
Batting: RHB Hiromitsu Yamada
|
0-0: Ball 1-0: Foul Ball, location: 2F 1-1: Foul Ball, location: 2F 1-2: Fly out, F8 (Flyball, 8RD, EV 99.4 MPH)
|
| Bottom of the 7th over - 0 runs, 1 hit, 0 errors, 1 left on base; Salem-Keizer 5 - Batavia 6 |
| TOP OF THE 8TH |
|
Salem-Keizer Volcanoes batting - Pitching for Batavia Muckdogs : RHP Scott Feltham
|
|
Batting: RHB Justin Layton
|
0-0: Ball 1-0: Swinging Strike 1-1: Ball 2-1: Ball 3-1: Base on Balls
|
|
Pinch Hitting: LHB Pat Aviles
|
0-0: Ball 1-0: Ball 2-0: Called Strike 2-1: Called Strike 2-2: Ball 3-2: DOUBLE (Flyball, 89XD, EV 108.1 MPH) Justin Layton to third
|
|
Pitching: RHP Alex Garza
|
|
|
Batting: RHB Ryan Johnston
|
0-0: Foul Ball, location: 2F 0-1: Ball 1-1: Ball 2-1: SINGLE (Line Drive, 6MD, EV 95.0 MPH) Justin Layton scores Pat Aviles to third
|
|
Batting: RHB Pedro Quezada
|
0-0: Ball 1-0: Called Strike 1-1: Ball 2-1: 3-RUN HOME RUN (Flyball, 78XD, EV 98.8 MPH), Distance : 396 ft
|
|
Batting: RHB Bill Defazio
|
0-0: Ball 1-0: Ground out 4-3 (Groundball, 34, EV 108.8 MPH)
|
|
Batting: RHB Justin Baldwin
|
0-0: Called Strike 0-1: Ball 1-1: Ball 2-1: Ball 3-1: Foul Ball, location: 2F 3-2: SINGLE (Line Drive, 5D, EV 106.3 MPH)
|
|
Batting: RHB Davey Beeson
|
0-0: Ball 1-0: Called Strike 1-1: Ball 2-1: Fly out, F8 (Flyball, 8RXD, EV 96.3 MPH)
|
|
Pitching: RHP Giampaolo Nobile
|
|
|
Batting: LHB Ryan Anderson
|
0-0: Ground out 4-3 (Groundball, 4S, EV 70.6 MPH)
|
| Top of the 8th over - 4 runs, 4 hits, 0 errors, 1 left on base; Salem-Keizer 9 - Batavia 6 |
| BOTTOM OF THE 8TH |
|
Batavia Muckdogs batting - Pitching for Salem-Keizer Volcanoes : LHP Ian Martin
|
|
Pitching: RHP Vicente Burger
|
|
|
Now at 3B: John Tyra
|
|
|
Pinch Hitting: LHB Andrew van Dongen
|
0-0: Ground out 4-3 (Groundball, 4, EV 82.5 MPH)
|
|
Pinch Hitting: LHB Carlos Mosqueda
|
0-0: Foul Ball, location: 2F 0-1: Foul Ball, location: 2F 0-2: Foul Ball, location: 2F 0-2: Ball 1-2: Ground out 4-3 (Groundball, 4S, EV 84.4 MPH)
|
|
Pinch Hitting: LHB Mario Tirado
|
0-0: Fly out, F7 (Flyball, 78S, EV 88.1 MPH)
|
| Bottom of the 8th over - 0 runs, 0 hits, 0 errors, 0 left on base; Salem-Keizer 9 - Batavia 6 |
| TOP OF THE 9TH |
|
Salem-Keizer Volcanoes batting - Pitching for Batavia Muckdogs : RHP Giampaolo Nobile
|
|
Now at 1B: Carlos Mosqueda
|
|
|
Now at 2B: Larry LeFever
|
|
|
Now at 3B: Joe Lightell
|
|
|
Now at SS: Len Graham
|
|
|
Now in CF: David Doge
|
|
|
Now in RF: Mario Tirado
|
|
|
Batting: LHB Gil Caraveo
|
0-0: Ball 1-0: Ball 2-0: SINGLE (Line Drive, 4D, EV 97.5 MPH)
|
|
Batting: RHB Justin Layton
|
0-0: Ball 1-0: Bunt missed! 1-1: Called Strike 1-2: Foul Ball, location: 2F 1-2: Fly out, F7 (Line Drive, 7, EV 96.9 MPH)
|
|
Batting: RHB John Tyra
|
0-0: Ball 1-0: Called Strike 1-1: Ball Gil Caraveo steals 2nd base 2-1: Ground out 5-3 (Groundball, 56, EV 80.0 MPH)
|
|
Batting: RHB Ryan Johnston
|
0-0: Called Strike 0-1: Ball 1-1: Called Strike 1-2: Ball 2-2: Foul Ball, location: 2F 2-2: Foul Ball, location: 2F 2-2: Strikes out swinging
|
| Top of the 9th over - 0 runs, 1 hit, 0 errors, 1 left on base; Salem-Keizer 9 - Batavia 6 |
| BOTTOM OF THE 9TH |
|
Batavia Muckdogs batting - Pitching for Salem-Keizer Volcanoes : RHP Vicente Burger
|
|
Pitching: LHP Caleb Mullinax
|
|
|
Batting: LHB David Doge
|
0-0: Ball 1-0: Swinging Strike 1-1: Single, Error in OF, E7, batter to second base (Groundball, 56D, EV 106.9 MPH)
|
|
Batting: RHB Len Graham
|
0-0: Foul Ball, location: 2F 0-1: Ball 1-1: Ball 2-1: Foul Ball, location: 2F 2-2: Ball 3-2: Base on Balls
|
|
Batting: RHB Mike Sonn
|
0-0: Foul Ball, location: 2F 0-1: Foul Ball, location: 2F 0-2: Strikes out swinging
|
|
Pinch Hitting: RHB J.J. Barajas
|
0-0: Ball 1-0: Called Strike 1-1: Ball 2-1: Foul Ball, location: 2F 2-2: Foul Ball, location: 2F 2-2: Foul Ball, location: 2F 2-2: Ball 3-2: Foul Ball, location: 2F 3-2: Fly out, F7 (Flyball, 78M, EV 95.0 MPH)
|
|
Batting: RHB Larry LeFever
|
0-0: Ball 1-0: Called Strike 1-1: SINGLE (Groundball, 6M, EV 97.5 MPH) David Doge to third Len Graham to second
|
|
Batting: RHB Hiromitsu Yamada
|
0-0: Ball 1-0: Called Strike 1-1: Ball 2-1: Called Strike 2-2: Ball 3-2: Foul Ball, location: 2F 3-2: Ground out 6-3 (Groundball, 6, EV 85.6 MPH)
|
| Bottom of the 9th over - 0 runs, 2 hits, 1 error, 3 left on base; Salem-Keizer 9 - Batavia 6 |
|